 Dungeon Crawl Stone Soup version 0.29.0-4-gdea44cf6ec (webtiles) character file.

Game seed: 5482350655479228927

5397 qw the Cleaver (level 10, -3/80 HPs)
             Began as a Formicid Cinder Acolyte on Sept 3, 2022.
             Was an Initiate of Ignis.
             Slain by Grum
             ... wielding a -1 spear
              (10 damage)
             ... on level 9 of the Dungeon.
             The game lasted 00:04:01 (10518 turns).

qw the Cleaver (Formicid Cinder Acolyte)           Turns: 10518, Time: 00:04:01

Health: -3/80      AC: 24    Str: 23    XL:     10   Next: 98%
Magic:  11/11      EV:  8    Int: 18    God:    Ignis [......]
Gold:   488        SH:  4    Dex:  7    Spells: 11/11 levels left

rFire   + . .      SeeInvis +   Y - +1 war axe
rCold   . . .      Faith    .   m - +0 buckler
rNeg    . . .      Spirit   .   l - +0 chain mail
rPois   .          Reflect  .   (helmet unavailable)
rElec   +          Harm     .   d - +0 cloak of the Endless Expanse {rCorr Dex-2 Slay+2 Stlth+}
rCorr   +          Rampage  .   b - +1 pair of gloves of Circular Logic {-Tele rElec Int+4 Stlth+}
Will    +....                   (no boots)
Stlth   ..........              (no amulet)
HPRegen 0.23/turn               g - +4 ring of protection
MPRegen 0.12/turn               (no ring)

@: marked, fiery-armoured
A: permanent stasis, dig shafts and tunnels, antennae 3, four strong arms
a: Dig, Shaft Self, Renounce Religion, Rising Flame


You were on level 9 of the Dungeon.
You worshipped Ignis.
Ignis was noncommittal.
You visited 1 branch of the dungeon, and saw 9 of its levels.

You collected 488 gold pieces.


Innate Abilities, Weirdness & Mutations

You cannot be hasted, slowed, berserked, paralysed or teleported.
You can dig through walls and to a lower floor.
You have a pair of large antennae on your head. (SInv)
Your four strong arms can wield two-handed weapons with a shield.


   Skills:
 - Level 8.2 Fighting
 - Level 12.0 Axes
 - Level 3.2 Throwing
 + Level 5.1 Armour
 - Level 1.0 Dodging
 - Level 6.0 Shields
 - Level 1.1 Spellcasting
 - Level 3.0 Fire Magic


You had 11 spell levels left.
You didn't know any spells.
Your spell library contained the following spells:

 Spells                   Type           Power      Damage    Failure   Level
 Scorch                   Fire           22%        2d6       58%         2

Inventory:

Hand Weapons
 e - a -1 hand axe of flaming
 Y - a +1 war axe (weapon)
Missiles
 i - 4 boomerangs (quivered)
Armour
 b - the +1 pair of gloves of Circular Logic (worn) {-Tele rElec Int+4 Stlth+}
   (You acquired it on level 4 of the Dungeon)

   Int:       It affects your intelligence (+4).
   rElec:     It insulates you from electricity.
   -Tele:     It prevents most forms of teleportation.
   Stlth:     It makes you more stealthy.
 d - the +0 cloak of the Endless Expanse (worn) {rCorr Dex-2 Slay+2 Stlth+}
   (You found it on level 2 of the Dungeon)

   Dex:       It affects your dexterity (-2).
   Slay:      It affects your accuracy & damage with ranged weapons and melee
   (+2).
   rCorr:     It protects you from acid and corrosion.
   Stlth:     It makes you more stealthy.
 l - a +0 chain mail (worn)
 m - a +0 buckler (worn)
Jewellery
 a - a ring of fire
 g - a +4 ring of protection (left hand)
Scrolls
 c - a scroll of identify
Potions
 f - a potion of might
 h - 2 potions of curing

Dungeon Overview and Level Annotations

Branches:
Dungeon (9/15)             Temple (0/1) D:6
   Lair: D:8-11         Orc: D:9-12

Altars:
Ashenzari
Dithmenos
Ru
Sif Muna
Wu Jian
Yredelemnul
The Shining One

Shops:
D:6 (

Annotations:
D:9 Grum


Message History

You barely miss Grum. You hit the orc wizard. You slash the orc priest!
You kill the orc priest!
You hit the orc priest.
You kill the orc priest!
You hit Grum but do no damage. You hit the orc wizard. Grum closely misses you.
The orc wizard hits you but does no damage.
The orc wizard is burned by your cloak of flames.
The orc wizard is almost dead.
Your Axes skill increases to level 12!
You slice the orc wizard!!
You kill the orc wizard!
You hit the orc. You slash Grum! Grum closely misses you.
The orc hits you but does no damage.
The orc is burned by your cloak of flames.
The orc is severely wounded.
You barely miss the orc.
The orc is severely wounded.
You hit Grum but do no damage. You block the orc's attack.
Grum hits you but does no damage. Grum is burned by your cloak of flames.
Grum is heavily wounded.
You slash the orc!
You kill the orc!
You hit Grum but do no damage. You hit the vampire but do no damage.
The vampire hits you but does no damage.
The vampire closely misses you.
Grum shouts, "King!
Good boy!"
You block Grum's attack.
You barely miss Grum.
Grum is heavily wounded.
You hit the vampire but do no damage.
The vampire hits you but does no damage.
The vampire is burned by your cloak of flames.
The vampire is lightly damaged.
The vampire bites you but does no damage.
The vampire is burned by your cloak of flames.
The vampire is lightly damaged.
Grum hits you with a -1 spear!
You die...

#.#.#+##.$
#####.#......#
....(.#......#
.............###
................
...............
.....!.........
# ####))g#
#.#...V@.#
.#.#...<....#
.......<#)..#
..........#.#
............#
...######...# ..
....# # #...#
....#


You could see Grum and a vampire.

Vanquished Creatures
  Harold (D:9)
  A troll (D:9)
  Grinder (D:4)
  Sigmund (D:5)
  A vampire (D:8)
  A steam dragon (D:7)
  4 vampire mosquitoes (D:8)
  Menkaure (D:5)
  A water moccasin (D:5)
  2 black bears
  2 ice beasts
  A sky beast (D:6)
  2 ogres
  4 wolves (D:9)
  2 centaurs
  A phantom (D:6)
  4 bullfrogs
  3 scorpions
  4 wights (D:6)
  6 killer bees (D:7)
  5 howler monkeys
  5 jellies
  5 hounds
  4 orc priests
  Ijyb (D:5)
  5 iguanas
  2 orc wizards
  18 gnolls
  3 adders
  A river rat (D:5)
  A white imp (D:7)
  An ufetubus (D:7)
  4 worms (D:5)
  2 dart slugs
  16 orcs
  4 bats
  7 endoplasms
  6 giant cockroaches
  12 goblins
  9 hobgoblins
  4 quokkas
  5 ball pythons
  6 frilled lizards
  8 kobolds
  6 rats
183 creatures vanquished.

Notes
Turn   | Place    | Note
-------+----------+-------------------------------------------
     0 | D:1      | qw the Formicid Cinder Acolyte began the quest for the Orb.
     0 | D:1      | Reached XP level 1. HP: 18/18 MP: 2/2
     0 | D:1      | 0 ||| qw: Version: 0.1-a-102-g441f92d
     0 | D:1      | 0 ||| qw: Game counter: 5240
     0 | D:1      | 0 ||| qw: Always use a shield: true
     0 | D:1      | 0 ||| qw: God list: Okawaru
     0 | D:1      | 0 ||| qw: Allow faded altars: false
     0 | D:1      | 0 ||| qw: Do Orc after D:15 true
     0 | D:1      | 0 ||| qw: Do second Lair branch before Depths: true
     0 | D:1      | 0 ||| qw: Lair rune preference: random
     0 | D:1      | 0 ||| qw: Plans: Normal
     0 | D:1      | 0 ||| PLANNING D:1-11
   157 | D:1      | 157 ||| INVOKING Fiery Armour.
   158 | D:1      | Reached XP level 2. HP: 12/24 MP: 3/3
   335 | D:1      | 335 ||| INVOKING Fiery Armour.
   526 | D:1      | 526 ||| INVOKING Fiery Armour.
   530 | D:1      | Reached skill level 4 in Axes
   530 | D:1      | Reached XP level 3. HP: 14/29 MP: 4/4
   991 | D:1      | 991 ||| Stepping ~*~*~tactically~*~*~ (stealth).
  1000 | D:1      | Reached skill level 1 in Dodging
  1517 | D:1      | 1517 ||| DROPPING orb of light.
  1518 | D:1      | 1518 ||| DROPPING ring of magical power.
  1519 | D:1      | 1519 ||| READING scroll labelled SUJUR VUMAC.
  1520 | D:1      | 1520 ||| READING scroll labelled VYOSIZU QELIEV.
  1521 | D:1      | 1521 ||| Stepping randomly (stuck).
  1522 | D:1      | 1522 ||| Stepping ~*~*~tactically~*~*~ (cloud).
  1772 | D:2      | 1772 ||| STAIRDANCE
  1935 | D:2      | Identified the +0 cloak of the Endless Expanse {rCorr Dex-2
                  | Slay+2 Stlth+}
  1950 | D:2      | 1950 ||| Stepping ~*~*~tactically~*~*~ (stealth).
  1965 | D:2      | 1965 ||| INVOKING Fiery Armour.
  1965 | D:2      | HP: 7/29 [iguana (6)]
  1967 | D:2      | Reached XP level 4. HP: 9/35 MP: 5/5
  1967 | D:2      | 1967 ||| FLEEEEING.
  2272 | D:2      | 2272 ||| INVOKING Fiery Armour.
  2281 | D:2      | 2281 ||| FLEEEEING.
  2282 | D:2      | 2282 ||| FLEEEEING.
  2283 | D:2      | 2283 ||| FLEEEEING.
  2284 | D:2      | 2284 ||| FLEEEEING.
  2285 | D:2      | 2285 ||| FLEEEEING.
  2286 | D:2      | 2286 ||| FLEEEEING.
  2287 | D:2      | 2287 ||| FLEEEEING.
  2288 | D:2      | 2288 ||| FLEEEEING.
  2289 | D:2      | 2289 ||| FLEEEEING.
  2290 | D:2      | 2290 ||| FLEEEEING.
  2291 | D:2      | 2291 ||| FLEEEEING.
  2292 | D:2      | 2292 ||| FLEEEEING.
  2293 | D:2      | 2293 ||| FLEEEEING.
  2294 | D:2      | 2294 ||| FLEEEEING.
  2295 | D:2      | 2295 ||| FLEEEEING.
  2296 | D:2      | 2296 ||| FLEEEEING.
  2297 | D:2      | 2297 ||| FLEEEEING.
  2298 | D:2      | 2298 ||| FLEEEEING.
  2299 | D:2      | 2299 ||| FLEEEEING.
  2300 | D:2      | 2300 ||| FLEEEEING.
  2301 | D:2      | 2301 ||| FLEEEEING.
  2302 | D:2      | 2302 ||| FLEEEEING.
  2303 | D:2      | 2303 ||| STAIRDANCE
  2406 | D:1      | 2406 ||| UPGRADING to +0 cloak of the Endless Expanse
                  | {rCorr Dex-2 Slay+2 Stlth+}.
  2411 | D:1      | 2411 ||| UPGRADING to +0 ring mail.
  2421 | D:1      | 2421 ||| DROPPING +0 robe.
  2422 | D:1      | 2422 ||| READING scroll labelled PAAGIDU UX GIF.
  2523 | D:1      | 2523 ||| READING 2 scrolls labelled ZUAFOS KOBO.
  2526 | D:2      | 2526 ||| INVOKING Fiery Armour.
  2531 | D:2      | Reached skill level 1 in Armour
  2531 | D:2      | Reached XP level 5. HP: 17/41 MP: 6/6
  2531 | D:2      | 2531 ||| STAIRDANCE
  2719 | D:2      | 2719 ||| Stepping ~*~*~tactically~*~*~ (stealth).
  2721 | D:2      | 2721 ||| Stepping ~*~*~tactically~*~*~ (stealth).
  2748 | D:2      | You fall into a shaft and drop 1 floor!
  2763 | D:3      | 2763 ||| Stepping ~*~*~tactically~*~*~ (stealth).
  2764 | D:3      | 2764 ||| Stepping ~*~*~tactically~*~*~ (stealth).
  2767 | D:3      | 2767 ||| Stepping ~*~*~tactically~*~*~ (stealth).
  2789 | D:3      | 2789 ||| Stepping ~*~*~tactically~*~*~ (stealth).
  2792 | D:3      | 2792 ||| Stepping ~*~*~tactically~*~*~ (stealth).
  2794 | D:3      | 2794 ||| Stepping ~*~*~tactically~*~*~ (stealth).
  2807 | D:3      | Noticed a bullfrog
  2814 | D:3      | Killed a bullfrog
  2851 | D:3      | Reached skill level 5 in Axes
  2888 | D:3      | Found a broken altar of Ashenzari.
  2945 | D:3      | 2945 ||| Stepping ~*~*~tactically~*~*~ (stealth).
  2946 | D:3      | 2946 ||| Stepping ~*~*~tactically~*~*~ (stealth).
  3039 | D:2      | 3039 ||| Stepping ~*~*~tactically~*~*~ (stealth).
  3041 | D:2      | 3041 ||| SWAPPING to +0 war axe.
  3048 | D:2      | Reached XP level 6. HP: 45/47 MP: 7/7
  3326 | D:2      | 3326 ||| READING 2 scrolls of identify.
  3326 | D:2      | 3326 ||| IDENTIFYING lumpy blue potion
  3327 | D:2      | 3327 ||| DROPPING potion of brilliance.
  3634 | D:3      | 3634 ||| READING scroll labelled KATSIU QOMO.
  3635 | D:3      | 3635 ||| READING 2 scrolls of identify.
  3635 | D:3      | 3635 ||| IDENTIFYING puce potion
  3651 | D:4      | Noticed Grinder
  3661 | D:4      | Killed Grinder
  3662 | D:4      | Reached skill level 6 in Axes
  3662 | D:4      | Reached XP level 7. HP: 35/52 MP: 8/8
  3796 | D:4      | 3796 ||| INVOKING Fiery Armour.
  3799 | D:4      | HP: 13/52 [gnoll/+0 spear (1)]
  4061 | D:4      | 4061 ||| Stepping ~*~*~tactically~*~*~ (stealth).
  4063 | D:4      | 4063 ||| Stepping ~*~*~tactically~*~*~ (stealth).
  4073 | D:4      | 4073 ||| Stepping ~*~*~tactically~*~*~ (stealth).
  4172 | D:4      | Reached skill level 7 in Axes
  4301 | D:4      | 4301 ||| Stepping ~*~*~tactically~*~*~ (hiding).
  4314 | D:4      | 4314 ||| FLEEEEING.
  4315 | D:4      | 4315 ||| FLEEEEING.
  4316 | D:4      | 4316 ||| FLEEEEING.
  4325 | D:4      | 4325 ||| FLEEEEING.
  4326 | D:4      | 4326 ||| FLEEEEING.
  4327 | D:4      | 4327 ||| FLEEEEING.
  4328 | D:4      | 4328 ||| FLEEEEING.
  4329 | D:4      | 4329 ||| FLEEEEING.
  4330 | D:4      | 4330 ||| FLEEEEING.
  4331 | D:4      | 4331 ||| FLEEEEING.
  4333 | D:4      | 4333 ||| FLEEEEING.
  4334 | D:4      | 4334 ||| FLEEEEING.
  4335 | D:4      | 4335 ||| FLEEEEING.
  4336 | D:4      | 4336 ||| FLEEEEING.
  4337 | D:4      | 4337 ||| FLEEEEING.
  4338 | D:4      | 4338 ||| FLEEEEING.
  4342 | D:4      | 4342 ||| FLEEEEING.
  4343 | D:4      | 4343 ||| FLEEEEING.
  4347 | D:4      | 4347 ||| FLEEEEING.
  4348 | D:4      | 4348 ||| STAIRDANCE
  4431 | D:3      | 4431 ||| READING 5 scrolls of identify.
  4431 | D:3      | 4431 ||| IDENTIFYING golden potion
  4432 | D:3      | 4432 ||| READING 4 scrolls of identify.
  4432 | D:3      | 4432 ||| IDENTIFYING metallic puce potion
  4433 | D:3      | 4433 ||| DROPPING potion of ambrosia.
  4434 | D:3      | 4434 ||| DROPPING potion of flight.
  4438 | D:4      | 4438 ||| STAIRDANCE
  4483 | D:4      | 4483 ||| Stepping ~*~*~tactically~*~*~ (stealth).
  4809 | D:4      | Found a shadowy altar of Dithmenos.
  4812 | D:4      | Found a basalt altar of Yredelemnul.
  4867 | D:4      | 4867 ||| UPGRADING to +0 scale mail.
  4877 | D:4      | 4877 ||| DROPPING +0 ring mail.
  4878 | D:4      | 4878 ||| UPGRADING to +0 chain mail.
  4888 | D:4      | 4888 ||| DROPPING +0 scale mail.
  4889 | D:4      | 4889 ||| READING scroll labelled JITORR IGEIMAH.
  4890 | D:4      | 4890 ||| READING scroll labelled ESTROU SITUY.
  4891 | D:4      | 4891 ||| READING scroll labelled FYFOQECOET.
  4891 | D:4      | Identified a scroll of acquirement
  4891 | D:4      | 4891 ||| ACQUIRING +1 pair of gloves of Circular Logic
                  | {-Tele rElec Int+4 Stlth+}
  4891 | D:4      | Acquired the +1 pair of gloves of Circular Logic {-Tele
                  | rElec Int+4 Stlth+}
  4893 | D:4      | 4893 ||| UPGRADING to +1 pair of gloves of Circular Logic
                  | {-Tele rElec Int+4 Stlth+}.
  4898 | D:4      | 4898 ||| READING 3 scrolls of identify.
  4898 | D:4      | 4898 ||| IDENTIFYING green potion
  4956 | D:5      | Entered Level 5 of the Dungeon
  4957 | D:5      | 4957 ||| PLANNING SEWER
  4976 | D:5      | 4976 ||| Stepping ~*~*~tactically~*~*~ (stealth).
  4999 | D:5      | Identified the +1 whip of Cataclysm {flame, rN+}
  5020 | D:5      | Reached XP level 8. HP: 57/60 MP: 9/9
  5059 | D:5      | Reached skill level 3 in Armour
  5256 | D:5      | Noticed Ijyb
  5266 | D:5      | Killed Ijyb
  5267 | D:5      | Reached skill level 8 in Axes
  5348 | D:5      | 5348 ||| Stepping ~*~*~tactically~*~*~ (stealth).
  5360 | D:5      | 5360 ||| INVOKING Fiery Armour.
  5554 | D:5      | Noticed Sigmund
  5555 | D:5      | 5555 ||| Stepping ~*~*~tactically~*~*~ (stealth).
  5567 | D:5      | 5567 ||| DRINKING potion of curing.
  5567 | D:5      | 5567 ||| (to cure confusion)
  5577 | D:5      | Killed Sigmund
  5720 | D:5      | 5720 ||| RIP SEWER
  5747 | D:5      | Noticed Menkaure
  5748 | D:5      | 5748 ||| PLANNING D:1-11
  5753 | D:5      | 5753 ||| INVOKING Fiery Armour.
  5754 | D:5      | Killed Menkaure
  5755 | D:5      | Reached skill level 9 in Axes
  6018 | D:5      | Reached XP level 9. HP: 43/68 MP: 10/10
  6532 | D:5      | 6532 ||| DROPPING +4 ring mail.
  6533 | D:5      | 6533 ||| READING 2 scrolls labelled QEUPLO WUUT.
  6534 | D:5      | 6534 ||| READING 3 scrolls of identify.
  6534 | D:5      | 6534 ||| IDENTIFYING bubbling coppery potion
  6535 | D:5      | 6535 ||| READING 2 scrolls of identify.
  6535 | D:5      | 6535 ||| IDENTIFYING glowing sapphire potion
  6536 | D:5      | 6536 ||| DROPPING potion of magic.
  6537 | D:5      | 6537 ||| DROPPING scroll of magic mapping.
  6538 | D:5      | 6538 ||| DROPPING potion of lignification.
  6551 | D:4      | Found a glowing golden altar of the Shining One.
  6551 | D:4      | Found a shimmering blue altar of Sif Muna.
  6554 | D:4      | Found an ornate altar of the Wu Jian Council.
  6600 | D:6      | Found a sacrificial altar of Ru.
  6658 | D:6      | Reached skill level 6 in Fighting
  6682 | D:6      | 6682 ||| Stepping ~*~*~tactically~*~*~ (stealth).
  6960 | D:6      | Found a staircase to the Ecumenical Temple.
  7052 | D:6      | Reached skill level 10 in Axes
  7315 | D:6      | Reached skill level 3 in Throwing
  7347 | D:6      | Found Jemabb's Weapon Shoppe.
  7680 | D:6      | 7680 ||| UPGRADING to +0 buckler.
  7685 | D:6      | 7685 ||| READING scroll labelled AFUPACL JUAG.
  7709 | D:7      | 7709 ||| INVOKING Fiery Armour.
  7711 | D:7      | Reached skill level 1 in Shields
  7718 | D:7      | HP: 16/70 [gnoll/+0 halberd (3)]
  8030 | D:7      | Reached skill level 3 in Shields
  8256 | D:7      | Identified the +7 dagger "Jowoot" {freeze, *Rage rN+ rCorr}
  8293 | D:7      | 8293 ||| Stepping ~*~*~tactically~*~*~ (hiding).
  8296 | D:7      | 8296 ||| Stepping ~*~*~tactically~*~*~ (hiding).
  8335 | D:7      | 8335 ||| Stepping ~*~*~tactically~*~*~ (stealth).
  8340 | D:7      | 8340 ||| Stepping ~*~*~tactically~*~*~ (stealth).
  8357 | D:7      | 8357 ||| Stepping ~*~*~tactically~*~*~ (stealth).
  8375 | D:7      | 8375 ||| INVOKING Fiery Armour.
  8376 | D:7      | Reached XP level 10. HP: 30/77 MP: 11/11
  8391 | D:7      | 8391 ||| Stepping ~*~*~tactically~*~*~ (stealth).
  8947 | D:7      | 8947 ||| READING scroll labelled OTSIKK FOJUCS.
  8948 | D:7      | 8948 ||| READING 2 scrolls of identify.
  8948 | D:7      | 8948 ||| IDENTIFYING emerald potion
  8949 | D:7      | 8949 ||| DROPPING potion of attraction.
  9235 | D:8      | 9235 ||| Stepping ~*~*~tactically~*~*~ (stealth).
  9236 | D:8      | 9236 ||| Stepping ~*~*~tactically~*~*~ (stealth).
  9344 | D:8      | 9344 ||| Stepping ~*~*~tactically~*~*~ (stealth).
  9346 | D:8      | 9346 ||| Stepping ~*~*~tactically~*~*~ (hiding).
  9349 | D:8      | Identified the +5 quarterstaff "Wegerph" {distort, rF+ rC+}
  9353 | D:8      | 9353 ||| Stepping ~*~*~tactically~*~*~ (hiding).
  9677 | D:8      | 9677 ||| Stepping ~*~*~tactically~*~*~ (stealth).
  9685 | D:8      | Reached skill level 11 in Axes
 10184 | D:8      | 10184 ||| UPGRADING to +4 ring of protection.
 10211 | D:9      | 10211 ||| STAIRDANCE
 10241 | D:9      | 10241 ||| INVOKING Fiery Armour.
 10243 | D:9      | 10243 ||| STAIRDANCE
 10478 | D:9      | Reached skill level 6 in Shields
 10480 | D:9      | Noticed Grum
 10481 | D:9      | 10481 ||| Stepping ~*~*~tactically~*~*~ (hiding).
 10482 | D:9      | 10482 ||| INVOKING Fiery Armour.
 10483 | D:9      | Noticed Harold
 10503 | D:9      | HP: 20/80 [Harold/+0 war axe (7)]
 10506 | D:9      | HP: 6/80 [orc priest/divine providence (12)]
 10509 | D:9      | Killed Harold
 10512 | D:9      | HP: 6/80 [orc wizard/+0 dagger (1)]
 10515 | D:9      | Reached skill level 12 in Axes
 10518 | D:9      | Slain by Grum

Levels and vault maps discovered:
D:1:      dpeg_arrival_long_road, layout_basic
D:2:      layout_basic, minmay_goblin_kobold_house
D:3:      layout_rooms, overflow_temple_1_default
D:4:      layout_loops_ring, nicolae_overflow_hidden_temple, uniq_grinder
D:5:      layout_basic, lightli_sewer_entry_pipes, chequers_avenue,
          hangedman_decor_riveting, uniq_ijyb, uniq_sigmund, uniq_menkaure
D:6:      layout_cave_pods, nicolae_ru_great_annihilating_truth,
          minmay_temple_entry_crystal_x, serial_shops,
          nicolae_shop_hallway_plus, kennysheep_generic_room_15
D:7:      layout_rooms
D:8:      layout_layer_cave
D:9:      layout_basic, minmay_orc_entry_temple_small, minmay_variable_closet,
          uniq_grum, uniq_harold

Skill      XL: |  1  2  3  4  5  6  7  8  9 10 |
---------------+-------------------------------+-----
Axes           | 4 5 6 7 9 10 12 | 12.0
Dodging        | 1 |  1.0
Armour         | 1 2 4 5 |  5.1
Throwing       | 2 3 |  3.2
Fighting       | 4 5 6 8 |  8.2
Shields        | 5 6 |  6.0
Spellcasting   | |  1.1
Fire Magic     | |  3.0

Action                   |  1- 3 |  4- 6 |  7- 9 | 10-12 || total
-------------------------+-------+-------+-------+-------++-------
Melee: Hand axe          |    91 |    27 |       |       ||   118
       War axe           |       |    33 |   249 |    97 ||   379
       Punch             |       |     1 |     4 |       ||     5
Throw: Javelin           |       |    23 |    42 |     6 ||    71
       Boomerang         |       |       |    15 |     8 ||    23
Invok: Fiery Armour      |     4 |     2 |     5 |     2 ||    13
  Use: Scroll            |     2 |     5 |    10 |     2 ||    19
       Potion            |       |       |     1 |       ||     1
 Stab: Distracted        |     1 |       |       |       ||     1
       Invisible         |       |       |     1 |       ||     1
       Paralysed         |       |       |     1 |       ||     1
Armor: Robe              |    16 |       |       |       ||    16
       Ring mail         |       |    14 |    19 |       ||    33
       Chain mail        |       |       |   115 |    97 ||   212
Dodge: Dodged            |    53 |    28 |   122 |    51 ||   254
Block: Buckler           |       |       |     8 |    27 ||    35

Table legend:
 A = Non-vault XP
 B = Vault XP
 C = Vault XP percentage of total XP
 D = Non-vault monster count
 E = Vault monster count
 F = Vault count percentage of total count
                 A         B        C        D         E       F
            +---------+---------+-------+---------+---------+-------
      Total |    5316 |    2394 |  31.1 |     152 |      31 |  16.9
            +---------+---------+-------+---------+---------+-------
        D:1 |      59 |       0 |   0.0 |      27 |       0 |   0.0
        D:2 |     113 |       5 |   4.2 |      22 |       3 |  12.0
        D:3 |     116 |       0 |   0.0 |      15 |       0 |   0.0
        D:4 |     388 |     254 |  39.6 |      24 |       1 |   4.0
        D:5 |     797 |     487 |  37.9 |      15 |      11 |  42.3
        D:6 |     775 |     171 |  18.1 |      10 |       5 |  33.3
        D:7 |    1386 |       0 |   0.0 |      21 |       0 |   0.0
        D:8 |    1272 |       0 |   0.0 |      15 |       0 |   0.0
        D:9 |     410 |    1477 |  78.3 |       3 |      11 |  78.6
            +---------+---------+-------+---------+---------+-------
